 Dungeon Crawl Stone Soup version 0.25-a0-731-g0472a16d6a (webtiles) character file.

Game seed: 835513960749501468, levelgen mode: deterministic

392 Maedhros the Sneak (level 6, 0/39 HPs)
             Began as an Octopode Artificer on Apr 8, 2020.
             Was an Initiate of Qazlal.
             Killed by divine providence
             ... invoked by an orc priest
              (12 damage)
             ... on level 3 of the Dungeon.
             The game lasted 00:04:05 (4456 turns).

Maedhros the Sneak (Octopode Artificer)             Turns: 4456, Time: 00:04:05

Health: 0/39       AC:  1    Str: 11    XL:     6   Next: 80%
Magic:  10/10      EV: 14    Int: 14    God:    Qazlal [......]
Gold:   153        SH:  0    Dex: 14    Spells: 5/5 levels left

rFire    . . .     SeeInvis .   a - +0 short sword
rCold    . . .     Gourm    .   (no shield)
rNeg     . . .     Faith    .   (helmet restricted)
rPois    .         Spirit   .   (no amulet)
rElec    .         Reflect  .   (no ring)
rCorr    .         Harm     .   (no ring)
MR       .....                  (no ring)
Stlth    ++++......             (no ring)
HPRegen  0.13/turn              (no ring)
MPRegen  0.12/turn              (no ring)
                                (no ring)
                                (no ring)

@: no status effects
A: almost no armour, stealthy swim, amphibious, 8 rings, constrict 8, camouflage
1, gelatinous body 1
a: Renounce Religion


You were on level 3 of the Dungeon.
You worshipped Qazlal.
Qazlal was noncommittal.
You were not hungry.

You visited 1 branch of the dungeon, and saw 5 of its levels.

You collected 153 gold pieces.

Inventory:

Hand Weapons
 a - a +0 short sword (weapon)
Jewellery
 g - an uncursed amulet of the acrobat
 l - an uncursed ring of wizardry
Wands
 b - a wand of flame (11)
 c - a wand of enslavement (5)
 d - a wand of random effects (15)
Scrolls
 e - a scroll of fear {unknown}
 i - a scroll of immolation {unknown}
 k - a scroll of magic mapping {unknown}
 o - 4 scrolls of identify {unknown}
 p - a scroll of blinking {unknown}
 q - 3 scrolls of fog {unknown}
 r - 2 scrolls of enchant armour {unknown}
 t - a scroll of enchant weapon {unknown}
 u - 3 scrolls of noise {unknown}
Potions
 h - a potion of lignification {unknown}
 j - 2 potions of heal wounds {unknown}
 m - 3 potions of curing {unknown}
 n - a potion of degeneration {unknown}
 s - a potion of mutation {unknown}
 v - a potion of cancellation {unknown}
Comestibles
 f - 4 rations
 w - 2 chunks of flesh


   Skills:
 + Level 1.7 Fighting
 - Level 1.0 Short Blades
 + Level 2.5 Dodging
 - Level 6.2 Stealth
 + Level 6.0 Evocations


You had 5 spell levels left.
You didn't know any spells.
Your spell library was empty.

Dungeon Overview and Level Annotations

Branches:
Dungeon (5/15)
 Temple: D:4-7

Altars:
Nemelex Xobeh
Qazlal
Ru

Annotations:
D:4 2 transporters, M4edhros's ghost, amateur OpAr
D:5 2 transporters, exclusion: phantom, n0tAlx's ghost, novice GrFi


Innate Abilities, Weirdness & Mutations

You cannot wear most types of armour.
You are very stealthy in the water. (Stealth+)
You are amphibious.
You can wear up to eight rings at the same time.
You can use your tentacles to constrict eight enemies at once.
Your skin changes colour to match your surroundings (Stealth+).
Your rubbery body absorbs attacks. (AC +1, EV +1)


Message History

You constrict the orc.
The orc escapes!
The bat misses you.
You hit the orc. You grab the orc.
The orc is severely wounded.
You constrict the orc. The bat closely misses you.
The orc hits you with a +0 short sword.
The orc priest invokes the aid of Beogh against you.
Beogh smites you! The orc hits you with a +0 short sword!
You release your grip on the orc.
The bat hits you. The orc hits you but does no damage.
The bat barely misses you.
The orc priest miscasts a cantrip.
The bat hits you.
There is a stone staircase leading up here.
You see here 2 stones.
The bat completely misses you.
The orc wizard mumbles some strange words.
The orc wizard seems to speed up.
The orc priest invokes the aid of Beogh against you.
Beogh smites you!
You die...

##.................#.#.##
##..####.....#.##.#.#..o #.##
##...###....#.###.
##..###........#..#..##.
#...#............(...##.
..#.....................
#>((...........###.#..
#..#.)bo..o.>..........
#####..###(@o..o.......#.###
#......## ##...##..........#
#........## ##########......#
..........# ###..).#
..........# #....# ..........#
##.#.#
.........o###############o#.#.
.........oo......†.oo.o)......
#........##################...


You could see an orc priest, an orc wizard, 2 orcs and a bat.

Vanquished Creatures
  2 hounds
  An orc priest (D:5)
  An orc wizard (D:4)
  An iguana (D:5)
  Natasha (thrice) (D:2)
  A worker ant (D:5)
  5 adders
  An ooze (D:5)
  4 worms (D:3)
  3 dart slugs
  3 leopard geckos
  6 orcs
  3 ball pythons
  2 giant cockroaches
  3 hobgoblins
  A quokka (D:2)
  A ball python skeleton (D:4)
  3 bats
  5 frilled lizards
  6 goblins
  A jackal skeleton (D:4)
  4 kobolds
  11 rats
71 creatures vanquished.

Vanquished Creatures (collateral kills)
  A crimson imp (D:5)
  An orc (D:5)
2 creatures vanquished.

Vanquished Creatures (others)
  An ogre (D:5)
  A worker ant (D:5)
  2 orcs (D:5)
  A goblin (D:3)
5 creatures vanquished.

Grand Total: 78 creatures vanquished

Notes
Turn   | Place    | Note
-------+----------+-------------------------------------------
     0 | D:1      | Maedhros the Octopode Artificer began the quest for the
                  | Orb.
     0 | D:1      | Reached XP level 1. HP: 13/13 MP: 3/3
   404 | D:1      | Reached XP level 2. HP: 18/18 MP: 4/4
  1098 | D:2      | Reached XP level 3. HP: 23/23 MP: 4/6
  1406 | D:2      | Found a sparkling altar of Nemelex Xobeh.
  1711 | D:4      | Found Himez Soe's Distillery.
  1723 | D:4      | Reached XP level 4. HP: 28/28 MP: 7/7
  1737 | D:4      | Noticed an ogre
  1825 | D:4      | Noticed a slave
  1831 | D:4      | Found a transporter.
  1831 | D:4      | Noticed an ogre
  1831 | D:4      | Noticed M4edhros's ghost (amateur OpAr)
  1833 | D:4      | Noticed an ogre
  1835 | D:4      | Found a transporter.
  1865 | D:5      | Entered Level 5 of the Dungeon
  1869 | D:5      | Reached XP level 5. HP: 22/33 MP: 8/8
  1871 | D:5      | Noticed an ogre
  1884 | D:5      | Reached skill level 5 in Stealth
  1884 | D:5      | Reached skill level 5 in Evocations
  1888 | D:5      | Found a stormy altar of Qazlal.
  2220 | D:5      | Found a transporter.
  2228 | D:5      | Found a transporter.
  2230 | D:5      | Noticed n0tAlx's ghost (novice GrFi)
  2318 | D:5      | Noticed a phantom
  2663 | D:5      | Reached XP level 6. HP: 15/38 MP: 10/10
  2689 | D:5      | Became a worshipper of Qazlal Stormbringer
  2919 | D:4      | Found a sacrificial altar of Ru.
  3195 | D:2      | Noticed Natasha
  3200 | D:2      | Killed Natasha
  3553 | D:2      | Noticed Natasha
  3559 | D:2      | Killed Natasha
  3834 | D:2      | Noticed Natasha
  3843 | D:2      | Killed Natasha
  4456 | D:3      | Killed from afar by an orc priest

Levels and vault maps discovered:
D:1:      psy_arrival_spokes, layout_loops_ring, minmay_pentomino_t4
D:2:      layout_basic, nicolae_overflow_crystal_walls, serial_rivers,
          chequers_serial_rivers_marsh, chequers_serial_rivers_micro_d,
          chequers_serial_rivers_room_b, chequers_serial_rivers_room_a,
          chequers_serial_rivers_small_a, chequers_serial_rivers_room_b,
          uniq_natasha
D:3:      layout_rooms, yredelemnul_altar_generic, first_ration,
          nemelex_spade_bored_becter
D:4:      cheibrodos_barr_body, layout_basic, lemuel_coloured_pillars_altar,
          gammafunk_ghost_smash, serial_shops, shop, uniq_pikel
D:5:      layout_loops_cross, kennysheep_little_box, grunt_qazlal_clouds,
          gammafunk_ghost_hive

Skill      XL: |  1  2  3  4  5  6 |
---------------+-------------------+-----
Stealth        | 2 3 4 5 6 |  6.2
Evocations     | 4 5 6 |  6.0
Fighting       | |  1.7
Short Blades   | |  1.0
Dodging        | |  2.5

Action                   |  1- 3 |  4- 6 || total
-------------------------+-------+-------++-------
Melee: Short sword       |    77 |    93 ||   170
       Constrict         |    23 |    23 ||    46
       Tentacles         |    12 |    17 ||    29
Evoke: Wand              |       |    14 ||    14
 Stab: Distracted        |     1 |       ||     1
       Sleeping          |     5 |     6 ||    11
  Eat: Chunk             |     1 |     7 ||     8
       Ration            |       |     1 ||     1
Armor: Skin              |     7 |    11 ||    18
Dodge: Dodged            |    40 |    98 ||   138

Table legend:
 A = Non-vault XP
 B = Vault XP
 C = Vault XP percentage of total XP
 D = Non-vault monster count
 E = Vault monster count
 F = Vault count percentage of total count
                 A         B        C        D         E       F
            +---------+---------+-------+---------+---------+-------
      Total |     521 |      39 |   7.0 |      68 |       5 |   6.8
            +---------+---------+-------+---------+---------+-------
        D:1 |      21 |       4 |  16.0 |      14 |       4 |  22.2
        D:2 |     131 |      35 |  21.1 |      20 |       1 |   4.8
        D:3 |      48 |       0 |   0.0 |      13 |       0 |   0.0
        D:4 |     113 |       0 |   0.0 |      11 |       0 |   0.0
        D:5 |     208 |       0 |   0.0 |      10 |       0 |   0.0
            +---------+---------+-------+---------+---------+-------
